 Dungeon Crawl Stone Soup version 0.23.2-40-g277498a (webtiles) character file.

Game seed: 7629742992263088849

371 DimondSprtn the Archer (level 6, -1/78 HPs)
             Began as a Centaur Hunter on Sept 26, 2019.
             Was an Initiate of Okawaru.
             Killed from afar by Duvessa (13 damage)
             ... with an exploding inner flame
             ... hexed by the player character
             ... on level 4 of the Dungeon.
             The game lasted 00:06:21 (4875 turns).

DimondSprtn the Archer (Centaur Hunter)             Turns: 4875, Time: 00:06:22

Health: -1/78      AC:  8    Str: 25    XL:     6   Next: 42%
Magic:  6/6        EV:  6    Int: 10    God:    Okawaru [......]
Gold:   81         SH:  0    Dex: 10    Spells: 5/5 levels left

rFire    . . .     SeeInvis .     - Unarmed
rCold    . . .     Gourm    .   (no shield)
rNeg     . . .     Faith    .   m - +1 chain mail
rPois    .         Spirit   .   (no helmet)
rElec    .         Reflect  .   (no cloak)
rCorr    .         Harm     .   (no gloves)
MR       .....     Rnd*Tele +   (no barding)
Stlth    ..........             (no amulet)
HPRegen  0.23/turn              k - +4 ring of strength
MPRegen  0.10/turn              n - ring of teleportation (curse)

@: berserking (expiring), very quick
A: large, hooves 3, deformed body, speed 2, tough skin 3
a: Renounce Religion


You were on level 4 of the Dungeon.
You worshipped Okawaru.
Okawaru was noncommittal.
You were hungry.

You visited 2 branches of the dungeon, and saw 5 of its levels.

You collected 81 gold pieces.

Inventory:

Hand Weapons
 a - a +2 shortbow
Missiles
 d - 17 arrows
Armour
 m - a +1 chain mail (worn)
Jewellery
 k - a +4 ring of strength (left hand)
 n - a cursed ring of teleportation (right hand)
Scrolls
 e - 3 scrolls of enchant armour
 l - a scroll of identify
 o - 2 scrolls of remove curse
Potions
 b - a potion of berserk rage
 i - a potion of degeneration {unknown}
 j - 2 potions of brilliance
 q - a potion of heal wounds {unknown}
Comestibles
 f - 7 rations
 g - 2 chunks of flesh


   Skills:
 + Level 3.7 Fighting
 * Level 8.2 Bows
 - Level 1.3 Dodging
 - Level 0.4 Stealth
 + Level 3.0 Unarmed Combat


You had 5 spell levels left.
You didn't know any spells.
Your spell library was empty.

Dungeon Overview and Level Annotations

Branches:
Dungeon (4/15)             Temple (1/1) D:4

Altars:
Ashenzari
Cheibriados
Dithmenos
Elyvilon
Fedhas
Gozag
Hepliaklqana
Kikubaaqudgha
Makhleb
Nemelex Xobeh
Okawaru
Qazlal
Ru
Sif Muna
Trog
Uskayaw
Vehumet
Wu Jian
Xom
Yredelemnul
Zin
The Shining One

Annotations:
D:4 3 runed translucent doors


Innate Abilities, Weirdness & Mutations

You have hooves in place of feet.
Armour fits poorly on your strangely shaped body.
You cover ground very quickly.
You have extremely tough skin. (AC +3)


Message History

Duvessa is moderately wounded.
You closely miss Duvessa.
Duvessa is moderately wounded.
You punch Duvessa!
Duvessa is heavily wounded.
Duvessa hits you with a +0 rapier.
* * * LOW HITPOINT WARNING * * *
You hit Duvessa but do no damage. Your kick misses Duvessa.
Duvessa is heavily wounded.
You are feeling hungry.
You barely miss Duvessa. You kick Duvessa!
Duvessa is severely wounded.
Duvessa hits you with a +0 rapier.
* * * LOW HITPOINT WARNING * * *
You hit Duvessa but do no damage.
Duvessa is severely wounded.
You hit Duvessa. You kick Duvessa.
Duvessa explodes!
The fiery explosion engulfs you!
You die...

#..###.e#
#.....)##
(..8#. .. ##
##.###e.#
♣...#. . ..
#......#
..(.+.##. .#
#.######
....+.... ..#
#.#
.(..+...##..#
#.#
...(#.......##
#.######
....#.........
#..§§§@#
#......#
########
##...#.# ##.##
#.# #.# #.# .
#.# # #.# #
#..


There were no monsters in sight!

Vanquished Creatures
  An eye of draining (D:3)
  2 orc wizards (D:3)
  A worker ant (D:4)
  5 gnolls (D:3)
  8 adders
  An ooze (D:3)
  A worm (D:2)
  3 dart slugs
  A leopard gecko (D:3)
  4 orcs
  A giant cockroach (D:1)
  7 goblins
  6 hobgoblins
  12 jackals
  A ball python (D:1)
  5 bats
  6 frilled lizards
  5 kobolds
  6 rats
76 creatures vanquished.

Notes
Turn   | Place    | Note
-------+----------+-------------------------------------------
     0 | D:1      | DimondSprtn the Centaur Hunter began the quest for the Orb.
     0 | D:1      | Reached XP level 1. HP: 17/17 MP: 1/1
    50 | D:1      | Reached XP level 2. HP: 17/24 MP: 2/2
  1021 | D:1      | Reached skill level 1 in Unarmed Combat
  1395 | D:2      | Reached skill level 6 in Bows
  1395 | D:2      | Reached XP level 3. HP: 23/30 MP: 3/3
  1522 | D:2      | Found a sacrificial altar of Ru.
  2002 | D:2      | Reached XP level 4. HP: 11/37 MP: 4/4
  2935 | D:3      | Reached skill level 7 in Bows
  3212 | D:3      | Reached XP level 5. HP: 36/45 MP: 5/5
  3706 | D:3      | Found a burning altar of Makhleb.
  3792 | D:3      | Found a bloodstained altar of Trog.
  3793 | D:3      | Noticed an eye of draining
  4197 | D:3      | Found a hazy altar of Hepliaklqana.
  4203 | D:3      | Found a snail-covered altar of Cheibriados.
  4207 | D:3      | Found a basalt altar of Yredelemnul.
  4369 | D:3      | Killed an eye of draining
  4369 | D:3      | Reached skill level 8 in Bows
  4369 | D:3      | Reached XP level 6. HP: 52/52 MP: 0/6
  4643 | D:4      | Found a staircase to the Ecumenical Temple.
  4650 | Temple   | Entered the Ecumenical Temple
  4659 | Temple   | Became a worshipper of Warmaster Okawaru
  4776 | D:4      | Found a runed translucent gate.
  4776 | D:4      | Found a runed translucent gate.
  4776 | D:4      | Found a runed translucent gate.
  4833 | D:4      | Noticed Duvessa
  4875 | D:4      | Killed Duvessa
  4875 | D:4      | Killed from afar by Duvessa

Skill      XL: |  1  2  3  4  5  6 |
---------------+-------------------+-----
Unarmed Combat | 1 2 3 |  3.0
Bows           | 6 7 8 |  8.2
Fighting       | 3 |  3.7
Dodging        | |  1.3
Stealth        | |  0.4

Action                   |  1- 3 |  4- 6 || total
-------------------------+-------+-------++-------
Melee: Unarmed           |   143 |   203 ||   346
       Kick              |    26 |    57 ||    83
       Punch             |       |     1 ||     1
 Fire: Shortbow          |    10 |    14 ||    24
  Use: Scroll            |       |     7 ||     7
       Potion            |       |     1 ||     1
  Eat: Chunk             |     3 |     7 ||    10
Armor: Leather armour    |    39 |       ||    39
       Chain mail        |    27 |   124 ||   151
Dodge: Dodged            |    43 |    37 ||    80
